 Dungeon Crawl Stone Soup version 0.20.1-1-g8b1a95d (webtiles) character file.

103 Peloso the Covered (level 4, -1/40 HPs)
             Began as a Minotaur Fighter on July 29, 2017.
             Was an Initiate of Okawaru.
             Slain by WobbleTop's ghost (7 damage)
             ... on level 3 of the Dungeon.
             The game lasted 00:03:09 (1559 turns).

Peloso the Covered (Minotaur Fighter)               Turns: 1559, Time: 00:03:10

Health: -1/40      AC:  9    Str: 25    XL:     4   Next: 51%
Magic:  3/3        EV:  6    Int:  5    God:    Okawaru [......]
Gold:   79         SH: 10    Dex: 11    Spells: 3/3 levels left

rFire    . . .     SeeInvis .   a - +0 long sword
rCold    . . .     Gourm    .   c - +0 shield
rNeg     . . .     Faith    .   t - +0 chain mail
rPois    .         Spirit   .   (helmet restricted)
rElec    .         Reflect  .   (no cloak)
rCorr    .         Harm     .   (no gloves)
MR       .....                  (no boots)
Stlth    ..........             (no amulet)
Regen    0.2/turn               (no ring)
MPRegen  0.1/turn               (no ring)

@: mighty
A: retaliatory headbutt, horns 2
a: Renounce Religion


You were on level 3 of the Dungeon.
You worshipped Okawaru.
Okawaru was noncommittal.
You were not hungry.

You visited 1 branch of the dungeon, and saw 3 of its levels.

You collected 79 gold pieces.

Inventory:

Hand Weapons
 a - a +0 long sword (weapon)
Armour
 b - a +0 scale mail
 c - a +0 shield (worn)
 t - a +0 chain mail (worn)
Scrolls
 e - a scroll of magic mapping {unknown}
 g - 2 scrolls of fear {unknown}
 h - a scroll of enchant armour {unknown}
 i - a scroll of random uselessness {unknown}
 j - a scroll of amnesia {unknown}
 l - 3 scrolls of identify {unknown}
 n - a scroll of enchant weapon {unknown}
 o - 2 scrolls of recharging {unknown}
 q - a scroll of remove curse {unknown}
 r - a scroll of blinking {unknown}
Potions
 k - a potion of ambrosia
Comestibles
 f - a bread ration
 m - a royal jelly
 u - 2 chunks of flesh


   Skills:
 + Level 4.1 Fighting
 + Level 3.7 Long Blades
 + Level 4.4 Armour
 + Level 0.9 Dodging
 + Level 4.4 Shields


You had 3 spell levels left.
You didn't know any spells.

Dungeon Overview and Level Annotations

Branches:
Dungeon (3/15)

Altars:
Okawaru

Annotations:
D:3 WobbleTop's ghost, amateur DsGl


Innate Abilities, Weirdness & Mutations

You reflexively headbutt those who attack you in melee.
You have a pair of horns on your head.


Message History

WobbleTop's ghost is lightly damaged.
WobbleTop's ghost hits you but does no damage.
You hit WobbleTop's ghost.
WobbleTop's ghost is lightly damaged.
WobbleTop's ghost hits you.
* * * LOW HITPOINT WARNING * * *
You feel very mighty all of a sudden. You block WobbleTop's ghost's attack.
You miss WobbleTop's ghost. Your headbutt misses WobbleTop's ghost.
WobbleTop's ghost is lightly damaged.
WobbleTop's ghost hits you but does no damage.
WobbleTop's ghost hits you.
* * * LOW HITPOINT WARNING * * *
You miss WobbleTop's ghost. Your headbutt misses WobbleTop's ghost.
WobbleTop's ghost is lightly damaged.
You block WobbleTop's ghost's attack.
You miss WobbleTop's ghost.
WobbleTop's ghost is lightly damaged.
WobbleTop's ghost hits you!
You die...

. # # #.#. # #....
#############
#.%..#+###+#............
...<........####......#
.#........##........#
#.W@...............#
#>'.......#####.......
###.......)....#+###.#
#.......####.#.###.#
######### #.#.....#
####....#### #.........#
#...).....# #.........#


You could see WobbleTop's ghost.

Vanquished Creatures
  An orc wizard (D:3)
  2 adders (D:2)
  5 dart slugs
  A leopard gecko (D:3)
  2 orcs (D:3)
  4 bats
  A giant cockroach (D:1)
  4 goblins
  4 hobgoblins
  4 jackals (D:3)
  8 kobolds
  A ball python (D:3)
  8 rats
45 creatures vanquished.

Notes
Turn   | Place    | Note
-------+----------+-------------------------------------------
     0 | D:1      | Peloso the Minotaur Fighter began the quest for the Orb.
     0 | D:1      | Reached XP level 1. HP: 19/19 MP: 0/0
   166 | D:1      | Reached XP level 2. HP: 27/27 MP: 1/1
   743 | D:2      | Reached XP level 3. HP: 32/33 MP: 2/2
   954 | D:2      | Found an iron altar of Okawaru.
  1025 | D:2      | Became a worshipper of Warmaster Okawaru
  1497 | D:3      | Reached XP level 4. HP: 40/40 MP: 3/3
  1544 | D:3      | Noticed WobbleTop's ghost (amateur DsGl)
  1559 | D:3      | Slain by WobbleTop's ghost

Skill      XL: |  1  2  3 |
---------------+----------+-----
Armour         | 4 |  4.4
Shields        | 4 |  4.4
Fighting       | 4 |  4.1
Long Blades    | 3 |  3.7
Dodging        | |  0.9

Action                   |  1- 3 |  4- 6 || total
-------------------------+-------+-------++-------
Melee: Long sword        |    67 |    34 ||   101
       Headbutt          |     9 |     3 ||    12
  Use: Potion            |     7 |     1 ||     8
  Eat: Chunk             |     2 |       ||     2
Armor: Scale mail        |    23 |       ||    23
       Chain mail        |     9 |    12 ||    21
Dodge: Dodged            |    25 |     9 ||    34
Block: Shield            |    38 |    15 ||    53
       Rpst.: Long sword |     7 |     1 ||     8
